 Dungeon Crawl Stone Soup version 0.17.1-1-g73c8601 (webtiles) character file.

642 Arkorax the Skirmisher (level 7, 0/64 HPs)
             Began as a Hill Orc Abyssal Knight on Dec 24, 2015.
             Was a Believer of Lugonu.
             Hit by a stone thrown by a gnoll (2 damage)
             ... on level 5 of the Dungeon.
             The game lasted 00:07:15 (4594 turns).

Arkorax the Skirmisher (Hill Orc Abyssal Knight)    Turns: 4594, Time: 00:07:15

Health: 0/64       AC: 11    Str: 17    XL:     7   Next: 51%
Magic:  7/10       EV:  7    Int: 12    God:    Lugonu [**....]
Gold:   345        SH:  0    Dex: 10    Spells: 0 memorised, 6 levels left

rFire  . . .     SeeInvis .     u - +0 quarterstaff
rCold  . . .     Clarity  .     k - +0 chain mail
rNeg   . . .     SustAt   .     (shield currently unavailable)
rPois  +         Gourm    .     (no helmet)
rElec  .         Spirit   .     i - +1 cloak
rCorr  .         Warding  .     r - +0 pair of gloves
rMut   .         Stasis   .     (no boots)
MR     +....                    (no amulet)
Stlth  ..........               z - ring of protection from magic
                                h - ring of poison resistance

@: somewhat resistant to hostile enchantments, extremely unstealthy
A: no striking features
a: Depart the Abyss, Bend Space, Renounce Religion


You were on level 5 of the Dungeon.
You worshipped Lugonu.
Lugonu was pleased with you.
You were not hungry.

You visited 1 branch of the dungeon, and saw 5 of its levels.
You visited the Abyss 1 time.

You collected 345 gold pieces.

Inventory:

Hand Weapons
 a - a +1 hand axe
 b - a +0 spear
 u - a +0 quarterstaff (weapon)
Armour
 d - a +0 plate armour
 i - a +1 cloak (worn)
 k - a +0 chain mail (worn)
 r - a +0 pair of gloves (worn)
Jewellery
 c - the ring of the Assorted Mice {Fire +Inv rElec Stlth-}
   (You found it on level 4 of the Dungeon)

   [ring of fire]

   It enhances your fire magic, and weakens your ice magic.
   It protects you from fire.
   It makes you vulnerable to cold.
   It insulates you from electricity.
   It lets you turn invisible.
   It makes you less stealthy.
 h - a ring of poison resistance (left hand)
 z - a ring of protection from magic (right hand)
Wands
 A - a wand of cold (10)
Scrolls
 j - 2 scrolls of teleportation {unknown}
 m - 4 scrolls of identify {unknown}
 n - a scroll of fear {unknown}
 o - 2 scrolls of remove curse {unknown}
 p - a scroll of enchant armour {unknown}
 t - a scroll of magic mapping {unknown}
 v - a scroll of random uselessness {unknown}
 w - a scroll of fog {unknown}
 x - a scroll of noise {unknown}
 y - a scroll of enchant weapon {unknown}
Potions
 s - a potion of mutation {unknown}
 C - a potion of brilliance
Books
 f - a book of the Tempests

   Spells                             Type                      Level
   a - Static Discharge               Conjuration/Air              3
   b - Lightning Bolt                 Conjuration/Air              5
   c - Fireball                       Conjuration/Fire             5
   d - Tornado                        Air                          9
   e - Shatter                        Earth                        9
Comestibles
 g - a beef jerky
 l - a fruit
 q - a royal jelly


   Skills:
 * Level 6.9 Fighting
 - Level 4.0(4.1) Axes
 - Level 0.7(3.6) Polearms
 * Level 3.7 Staves
 - Level 2.1 Armour
 - Level 0.7 Dodging
 + Level 5.1 Invocations


You had 6 spell levels left.
You didn't know any spells.

Dungeon Overview and Level Annotations

Branches:
Dungeon (5/15)
 Temple: D:4-7

Altars:
Gozag


Message History

The gnoll throws a stone.
The stone closely misses you.
There is an open door here.
Drink which item? (? for menu, Esc to quit)
You feel better.
Drink which item? (? for menu, Esc to quit)
You feel better. Space bends around you!
You blink.
* * * LOW HITPOINT WARNING * * *
You feel slightly more hungry. The gnoll barely misses you.
The gnoll hits you with a spear.
* * * LOW HITPOINT WARNING * * *
Space bends around you!
You blink.
* * * LOW HITPOINT WARNING * * *
You feel slightly more hungry.
The gnoll throws a stone.
The stone hits you.
* * * LOW HITPOINT WARNING * * *
Space bends around you!
You blink.
* * * LOW HITPOINT WARNING * * *
You feel slightly more hungry.
The gnoll throws a stone.
The stone hits you.
You die...

####### ## #..(..##########
.# #.§.g.#.(....... .#
#.....#......... .#
#.....'......... ######
#..@..#....##.. .....#
#######....##. .....#
#............. .....#
#............... .....#
#...†g..........
<....############§##....##...
####.......>#O..§..#....# ...
.. .....#......#......#....#
.. ..
.....'......#......#....# #


You could see a gnoll.

Vanquished Creatures
  Sigmund (D:4)
  A centaur (D:5)
  An ogre (D:4)
  2 hounds
  A gnoll shaman (D:5)
  A worker ant (D:4)
  5 gnolls (D:5)
  Robin (D:3)
  8 adders
  2 oozes
  An adder zombie (D:5)
  2 worms
  7 giant geckos
  4 orcs
  A ball python (D:3)
  3 giant cockroaches
  9 hobgoblins
  2 jackals (D:4)
  4 bats
  6 giant newts
  10 goblins
  3 kobolds
  6 rats
81 creatures vanquished.

Notes
Turn   | Place    | Note
--------------------------------------------------------------
     0 | Abyss:1  | Arkorax the Hill Orc Abyssal Knight began the quest for the Orb.
     0 | Abyss:1  | Reached XP level 1. HP: 19/19 MP: 2/2
    18 | Abyss:1  | Found a corrupted altar of Lugonu.
    73 | Abyss:1  | Noticed a small abomination
   153 | Abyss:2  | Noticed a thrashing horror
   153 | Abyss:2  | Noticed a freezing wraith
   156 | D:1      | Escaped the Abyss
   406 | D:1      | Reached * piety under Lugonu
   423 | D:1      | Reached XP level 2. HP: 27/27 MP: 4/4
   780 | D:2      | Reached skill level 4 in Fighting
   874 | D:2      | Reached XP level 3. HP: 30/33 MP: 5/5
  1227 | D:3      | Noticed Robin
  1275 | D:3      | Killed Robin
  1275 | D:3      | Reached XP level 4. HP: 14/41 MP: 6/6
  1562 | D:3      | Reached ** piety under Lugonu
  1596 | D:3      | Reached skill level 1 in Staves
  2201 | D:4      | Noticed Sigmund
  2221 | D:4      | Killed Sigmund
  2221 | D:4      | Reached skill level 5 in Fighting
  2221 | D:4      | Reached XP level 5. HP: 42/50 MP: 6/8
  2221 | D:4      | Reached XP level 6. HP: 47/57 MP: 6/9
  2317 | D:4      | Noticed an ogre
  2613 | D:4      | Killed an ogre
  2613 | D:4      | Reached skill level 6 in Fighting
  2952 | D:4      | Got a clouded brass ring
  2955 | D:4      | Identified the ring of the Assorted Mice {Fire +Inv rElec Stlth-} (You found it on level 4 of the Dungeon)
  3247 | D:5      | Entered Level 5 of the Dungeon
  3376 | D:5      | Reached XP level 7. HP: 57/64 MP: 10/10
  3396 | D:5      | Found an opulent altar of Gozag.
  4064 | D:5      | Reached skill level 5 in Invocations
  4489 | D:5      | Found an opulent altar of Gozag.
  4581 | D:5      | HP: 1/64 [spatial distortion (4)]
  4594 | D:5      | HP: 2/64 [spatial distortion (4)]
  4594 | D:5      | Hit by a stone thrown by a gnoll

Action                   |  1- 3 |  4- 6 |  7- 9 || total
-------------------------+-------+-------+-------++-------
Melee: Hand axe          |    99 |       |       ||    99
       Spear             |    28 |       |       ||    28
       Quarterstaff      |       |   131 |    73 ||   204
Invok: Depart the Abyss  |     1 |       |       ||     1
       Bend Space        |       |     1 |     4 ||     5
  Use: Potion            |       |     4 |     4 ||     8
  Eat: Bread ration      |     1 |       |     1 ||     2
       Fruit             |       |     3 |       ||     3
       Beef jerky        |       |     1 |       ||     1
       Chunk             |       |       |     1 ||     1
